 Dungeon Crawl Stone Soup version 0.27-a0-1149-g4505690ab0 (webtiles) character file.

Game seed: 4315542837000644907

29 SkeletonJelly the Insei (level 3, 0/27 HPs)
             Began as a Djinni Transmuter on May 12, 2021.
             Slain by an adder (4 damage)
             ... on level 2 of the Dungeon.
             The game lasted 00:02:38 (1041 turns).

SkeletonJelly the Insei (Djinni Transmuter)         Turns: 1041, Time: 00:02:39

Health: 0/27       AC:  2    Str:  9    XL:     3   Next: 32%
Gold:   29         EV: 12    Int: 15    God:
                   SH:  0    Dex: 13

rFire    + + .     SeeInvis .     - Unarmed
rCold    x . .     Faith    .   (no shield)
rNeg     . . .     Spirit   .   a - +0 robe
rPois    ∞         Reflect  .   (helmet currently unavailable)
rElec    .         Harm     .   (no cloak)
rCorr    .         Rampage  .   (no gloves)
Will     .....                  (boots unavailable)
Stlth    +.........             (no amulet)
HPRegen  0.09/turn              (no ring)
MPRegen  0.00/turn              (no ring)

@: appendages, wereblooded, flying
A: horns 2, flying, sickness immunity, fire resistance 2, cold vulnerability 1,
float, innate caster, hp casting, extra vitality 1
a: End Transformation


You were on level 2 of the Dungeon.
You had temporarily grown beastly horns.
You visited 1 branch of the dungeon, and saw 2 of its levels.

You collected 29 gold pieces.

Inventory:

Armour
 a - a +0 robe (worn)
Scrolls
 b - a scroll of amnesia {unknown}
 c - a scroll of teleportation {unknown}
 e - a scroll of brand weapon {unknown}
Potions
 d - a potion of brilliance {unknown}


   Skills:
 + Level 1.5 Fighting
 + Level 2.5 Dodging
 + Level 3.2 Unarmed Combat
 * Level 2.1 Spellcasting


You couldn't memorise any spells.
You knew the following spells:

 Your Spells              Type           Power      Damage    Failure   Level
a - Beastly Appendage     Tmut           14%        N/A       10%         1
b - Corona                Hex            7%         N/A       10%         1
c - Spider Form           Tmut/Pois      3%         N/A       28%         3
q - Ice Form              Ice/Tmut       7%         N/A       67%         4
s - Wereblood             Tmut           7%         N/A       14%         2
w - Hydra Form            Tmut           3%         N/A       95%         5
Your spell library was empty.

Dungeon Overview and Level Annotations

Branches:
Dungeon (2/15)

Altars:


Innate Abilities, Weirdness & Mutations

You have temporarily grown beastly horns.
You are flying.
You are immune to sickness and miasma.
You are immune to poison.
Your flesh is very heat resistant. (rF++)
You are vulnerable to cold. (rC-)
You float through the air rather than walking.
You learn spells naturally, not from books.
Your magical power is your life essence.
You have superior vitality. (+4 HP)


Message History

Search for what [Enter for "."]? .
You fly downwards.
A ball python comes into view.
The ball python hisses angrily.
Found a stone staircase leading down.
There is a stone staircase leading up here.
You grow a pair of large bovine horns.
You take 1 damage, and have 21/22 hp.
You barely miss the ball python.
The ball python bites you but does no damage.
The ball python barely misses you.
You hit the ball python.
You kill the ball python!
No target in view!
No target in view!
No target in view!
No target in view!
Your transformation is almost over.
HP restored.
Your horns disappear.
Found 19 bolts.
You see here a ball python corpse.
Health restored: 22 A kobold comes into view.
It is wielding a +0 short sword.
A kobold is nearby!
A kobold is nearby!
A kobold is nearby!
An adder comes into view.
The kobold shouts!
You hear a shout!
A goblin comes into view. It is wielding a +0 club.
A hobgoblin comes into view.
The hobgoblin shouts!
The adder hisses angrily.
An adder comes into view.
You see here a ball python corpse.
Casting: Beastly Appendage (safe; 11% risk of failure)
Confirm with . or Enter, or press ? or * to list all spells.
Your blood is infused with primal strength.
You take 2 damage, and have 20/22 hp.
Casting: Wereblood (safe; 16% risk of failure)
Confirm with . or Enter, or press ? or * to list all spells.
You grow a pair of large bovine horns.
The kobold hits you with a +0 short sword.
You take 5 damage, and have 15/22 hp.
MASSIVE DAMAGE!!
You closely miss the kobold.
You headbutt the kobold, but do no damage.
Your transformation is almost over.
The kobold barely misses you.
The adder hisses angrily.
You hit the kobold but do no damage. The kobold closely misses you.
You hit the kobold.
You kill the kobold!
You howl as the wereblood boils in your veins!
You have reached level 3!
Your experience leads to an increase in your attributes!
Increase (S)trength, (I)ntelligence, or (D)exterity?
You feel clever.
The power to cast Corona wells up from within.
Spell assigned to 'b'.
You regained 4 hp, and now have 19/27 hp.
You hit the adder.
The adder is heavily wounded.
The adder bites you. The adder bites you but does no damage.
You take 1 damage, and have 18/27 hp.
You closely miss the adder.
The adder is heavily wounded.
The adder bites you but does no damage.
You miss the adder.
The adder is heavily wounded.
The adder barely misses you.
You closely miss the adder.
The adder is heavily wounded.
You howl as the wereblood boils in your veins!
The adder bites you.
You take 4 damage, and have 14/27 hp.
You hit the adder.
The adder is almost dead.
The adder bites you. The hobgoblin hits you.
* * * LOW HITPOINT WARNING * * *
The adder barely misses you.
You take 7 damage, and have 7/27 hp.
MASSIVE DAMAGE!!
You hit the adder but do no damage. You headbutt the adder.
You kill the adder!
The hobgoblin closely misses you. The adder closely misses you.
You barely miss the adder. Your headbutt misses the adder.
You howl as the wereblood boils in your veins!
Your horns disappear.
The hobgoblin hits you.
* * * LOW HITPOINT WARNING * * *
The adder barely misses you.
You take 3 damage, and have 5/27 hp.
The hobgoblin closely misses you.
There is a stone staircase leading up here.
Casting: Beastly Appendage (safe; 10% risk of failure)
Confirm with . or Enter, or press ? or * to list all spells.
You grow a pair of large bovine horns.
* * * LOW HITPOINT WARNING * * *
The adder misses you. The hobgoblin misses you.
You take 1 damage, and have 4/27 hp.
The adder bites you.
You die...

. .## ..# #.# # .
#.#.#
..##########.#.#
..........##...####.
#.......gS@.......
#.......##g..#####
#.......+.....#
#.......##....#
...............>..
.S.........########
......(......
...........###
............


You could see an adder, a hobgoblin and a goblin.

Vanquished Creatures
  An adder (D:2)
  2 bats (D:1)
  4 endoplasms (D:1)
  3 goblins (D:1)
  2 hobgoblins (D:1)
  A quokka (D:1)
  3 ball pythons
  A kobold (D:2)
  A rat (D:1)
18 creatures vanquished.

Notes
Turn   | Place    | Note
-------+----------+-------------------------------------------
     0 | D:1      | SkeletonJelly the Djinni Transmuter began the quest for the
                  | Orb.
     0 | D:1      | Reached XP level 1. HP: 17/17 MP: 0/0
   224 | D:1      | Found a faded altar of an unknown god.
   239 | D:1      | Reached XP level 2. HP: 20/22 MP: 0/0
  1032 | D:2      | Reached XP level 3. HP: 19/27 MP: 0/0
  1032 | D:2      | Learned a level 1 spell: Corona
  1041 | D:2      | Slain by an adder

Illustrated notes

Levels and vault maps discovered:
D:1:      dpeg_arrival_chambers_temple_mockup, layout_rooms,
          basic_ecumenical_altar, minmay_misc_feat_roman, nrook_campfire
D:2:      layout_basic

Skill      XL: |  1  2 |
---------------+-------+-----
Spellcasting   | 2 |  2.1
Fighting       | |  1.5
Dodging        | |  2.5
Unarmed Combat | |  3.2

Action                   || total
-------------------------++-------
Melee: Unarmed           ||    55
       Headbutt          ||     5
 Cast: Beastly Appendage ||    10
       Wereblood         ||     1
Armor: Robe              ||    11
Dodge: Dodged            ||    35

Table legend: (Time is in decaauts)
 A = Elapsed time spent in this place.
 B = Non-inter-level travel time spent in this place.
 C = Inter-level travel time spent in this place.
 D = Time resting spent in this place.
 E = Time spent auto-exploring this place.
 F = Levels seen in this place.
 G = Mean time per level.
                   A        B        C        D        E       F      G
               +--------+--------+--------+--------+--------+-----+--------+
         Total |   1037 |   1010 |     27 |      0 |    903 |   2 |  518.5 |
       Dungeon |   1037 |   1010 |     27 |      0 |    903 |   2 |  518.5 |
               +--------+--------+--------+--------+--------+-----+--------+

Top non-repeatable levels by time:
     D:1: 1001 daAuts
     D:2: 36 daAuts
